Senators vs Lightning

Created - November 14 2011 at 18:55

Goals
1 2 3 OT1 SO T
Senators 0 1 2 0 1 4
Lightning 0 1 2 0 0 3
Shots
1 2 3 OT1 SO T
Senators 7 8 18 4 3 37
Lightning 5 6 14 3 3 28

Period #1

No Goal

Penalties :
Paul Stastny (TBL) for Elbowing (Minor) at 1:00, Derek Morris (OTT) for Hooking (Minor) at 7:47, Tim Gleason (TBL) for Cross-checking (Minor) at 10:46, Ryan Kesler (OTT) for Charging (Minor) at 15:52, Jan Hejda (OTT) for Hooking (Minor) at 17:19

Period #2

1. Senators , Ryan Kesler 7 (Daniel Alfredsson, Ales Hemsky) at 8:23
2. Lightning , Marcel Goc 1 (Scott Hartnell, Josh Gorges) at 15:47

Penalties :
Chris Clark (OTT) for Hooking (Minor) at 0:26, Josh Gorges (TBL) for Tripping (Minor) at 5:52, Andrej Meszaros (TBL) for Cross-checking (Minor) at 8:41, Dion Phaneuf (OTT) for Slashing (Minor) at 13:34, Jan Hejda (OTT) for Diving (Minor) at 17:33, Dion Phaneuf (OTT) for Hooking (Minor) at 18:38

Period #3

3. Lightning , Marcel Goc 2 (Brent Seabrook, Patrick Kane) at 0:39
4. Senators , Sidney Crosby 13 (Ryan Kesler) at 2:53
5. Senators , John-Michael Liles 4 (Ales Hemsky, Jason Spezza) at 8:09 (PP)
6. Lightning , Patrick Sharp 13 (Paul Stastny, Maxime Talbot) at 18:25

Penalties :
Andrej Meszaros (TBL) for Hooking (Minor) at 0:42, R.J. Umberger (TBL) for Tripping (Minor) at 3:54, Ilya Kovalchuk (TBL) for Slashing (Minor) at 6:46, Martin Havlat (TBL) for High sticking (Minor) at 9:21, Claude Giroux (OTT) for Roughing (Minor) at 11:39, Marcel Goc (TBL) for Hooking (Minor) at 13:40, John-Michael Liles (OTT) for Interference (Minor) at 13:40, Tim Gleason (TBL) for Fighting (Major) at 15:31, Derek Morris (OTT) for Fighting (Major) at 15:31

Overtime #1

No Goal

Penalties :
No Penalty

Shootout

Penalty Shot by Sidney Crosby for Senators - Shot Misses the Net
Penalty Shot by Patrick Sharp for Lightning - Stopped by Carey Price
Penalty Shot by Ryan Kesler for Senators - Goal!
Penalty Shot by Patrick Kane for Lightning - Stopped by Carey Price
Penalty Shot by Jason Spezza for Senators - Stopped by Cory Schneider
Penalty Shot by Ilya Kovalchuk for Lightning - Shot Misses the Net

Penalties :
No Penalty

Goalie Stats

Carey Price (OTT), 25 saves from 28 shots - (0.893), W, 10-4-2, 65:00 minutes
Cory Schneider (TBL), 34 saves from 37 shots - (0.919), OTL, 6-2-2, 65:00 minutes

Players Stats

Senators
Player Name              G  A  P  +/- PIM S  H  SB FO    MP 
------------------------------------------------------------
Ales Hemsky              0  2  2   1  0   2  0  0  3/5   19 
Chris Clark              0  0  0  -1  2   1  2  0  0/0   17 
Claude Giroux            0  0  0   0  2   2  0  0  1/1   22 
Craig Conroy             0  0  0   0  0   0  0  0  6/10  8  
Daniel Alfredsson        0  1  1  -1  0   0  0  0  2/2   12 
Derek Morris             0  0  0   0  7   1  0  0  0/0   21 
Dion Phaneuf             0  0  0  -2  4   2  2  0  0/0   25 
Jan Hejda                0  0  0   1  4   1  1  0  0/0   15 
Jason Spezza             0  1  1  -2  0   5  2  0  15/23 19 
John-Michael Liles       1  0  1  -2  2   3  0  1  0/0   23 
Matt Walker              0  0  0   1  0   0  1  0  0/0   18 
Nicklas Lidstrom         0  0  0   0  0   2  0  0  0/0   24 
Patrick Eaves            0  0  0   0  0   0  0  2  0/0   6  
Peter Regin              0  0  0   0  0   1  0  0  1/3   13 
Ryan Johnson             0  0  0   0  0   0  1  0  1/1   7  
Ryan Kesler              1  1  2   2  2   7  3  1  15/23 21 
Sidney Crosby            1  0  1   0  0   10 0  0  17/31 23 
Tom Kostopoulos          0  0  0  -2  0   0  3  1  0/0   8  
Lightning
Player Name              G  A  P  +/- PIM S  H  SB FO    MP 
------------------------------------------------------------
Andrej Meszaros          0  0  0   2  4   0  2  3  0/0   23 
Andy Sutton              0  0  0   0  0   0  2  0  0/0   19 
Barret Jackman           0  0  0   0  0   1  1  0  0/0   22 
Brent Seabrook           0  1  1  -2  0   2  2  0  0/0   26 
Ilya Kovalchuk           0  0  0  -2  2   1  0  0  0/1   18 
Josh Gorges              0  1  1   2  2   0  1  2  0/0   21 
Marcel Goc               2  0  2   2  2   3  0  0  4/12  11 
Martin Havlat            0  0  0   0  2   5  0  0  0/0   18 
Maxime Talbot            0  1  1   1  0   0  3  1  0/0   15 
Nick Spaling             0  0  0   2  0   2  1  0  1/2   11 
Patrick Kane             0  1  1  -2  0   6  3  0  1/4   21 
Patrick Sharp            1  0  1   1  0   3  0  0  1/2   15 
Paul Stastny             0  1  1   1  2   1  1  0  9/28  19 
R.J. Umberger            0  0  0   0  2   1  2  0  8/23  15 
Scott Hartnell           0  1  1   2  0   1  1  0  4/8   8  
Teddy Purcell            0  0  0   0  0   0  0  0  0/0   8  
Tim Gleason              0  0  0   0  7   0  3  0  0/0   17 
Tomas Plekanec           0  0  0  -2  0   2  1  0  10/19 16 

3 Stars

1 - Marcel Goc (TBL)
2 - Ryan Kesler (OTT)
3 - Ales Hemsky (OTT)

Power Play

Senators - 1 on 8 Attempt(s) - 12.50%
Lightning - 0 on 8 Attempt(s) - 0.00%

Penalty Kill

Senators - 8 on 8 Attempt(s) - 100.00% - Score 0 goal in Penalty Kill
Lightning - 7 on 8 Attempt(s) - 87.50% - Score 0 goal in Penalty Kill

Game Notes

Tim Gleason beats up Derek Morris at 15:31 of 3rd period

Finance

Level 1 -- Attendance: 4061 (62.48%) -- Ticket Income $507,625.00
Level 2 -- Attendance: 2994 (59.88%) -- Ticket Income $209,580.00
Level 3 -- Attendance: 2288 (65.37%) -- Ticket Income $96,096.00
Level 4 -- Attendance: 1375 (36.59%) -- Ticket Income $41,250.00
Luxury Box -- Attendance: 608 (60.80%) -- Ticket Income $152,000.00
Game was played at the St.Pete Times Forum
Total Attendance: 11326 (57.32%)
Total Ticket Income: $1,071,988.00
Other Income: $213,933.90
Total Income: $1,285,922.00


Play by Play

Period #1

0:01 of 1st period - Tomas Plekanec wins face-off versus Sidney Crosby in neutral zone.
0:04 of 1st period - Chris Clark is hit by Patrick Kane and loses puck.
0:33 of 1st period - Shot by Sidney Crosby.
0:33 of 1st period - Stopped by Cory Schneider without a rebound.
0:34 of 1st period - Jason Spezza wins face-off versus Paul Stastny in Lightning zone.
0:54 of 1st period - Patrick Sharp is hit by Dion Phaneuf and loses puck.
1:00 of 1st period - Minor Penalty to Paul Stastny for Elbowing.
1:01 of 1st period - R.J. Umberger wins face-off versus Sidney Crosby in Lightning zone.
1:22 of 1st period - Shot by Sidney Crosby.
1:22 of 1st period - Stopped by Cory Schneider without a rebound.
1:23 of 1st period - Jason Spezza wins face-off versus R.J. Umberger in Lightning zone.
1:32 of 1st period - Shot by Ales Hemsky.
1:32 of 1st period - Stopped by Cory Schneider without a rebound.
1:33 of 1st period - R.J. Umberger wins face-off versus Ales Hemsky in Lightning zone.
2:05 of 1st period - Icing by Ales Hemsky.
2:06 of 1st period - Jason Spezza wins face-off versus R.J. Umberger in Senators zone.
2:42 of 1st period - Andrej Meszaros is hit by Jason Spezza and loses puck.
3:18 of 1st period - Shot by Ryan Kesler.
3:18 of 1st period - Deflect By Sidney Crosby.
3:18 of 1st period - Stopped by Cory Schneider without a rebound.
3:19 of 1st period - R.J. Umberger wins face-off versus Sidney Crosby in Lightning zone.
3:24 of 1st period - Derek Morris is hit by R.J. Umberger and loses puck.
4:16 of 1st period - Daniel Alfredsson is hit by Tim Gleason and loses puck.
5:08 of 1st period - Paul Stastny is hit by Tom Kostopoulos and loses puck.
5:52 of 1st period - Shot by Tomas Plekanec.
5:52 of 1st period - Stopped by Carey Price without a rebound.
5:53 of 1st period - Ryan Kesler wins face-off versus Patrick Kane in Senators zone.
5:55 of 1st period - Icing by Ales Hemsky.
5:56 of 1st period - Tomas Plekanec wins face-off versus Peter Regin in Senators zone.
6:08 of 1st period - Ryan Kesler is hit by Brent Seabrook.
6:55 of 1st period - Daniel Alfredsson is hit by Andy Sutton and loses puck.
7:42 of 1st period - Shot by Scott Hartnell.
7:42 of 1st period - Stopped by Carey Price with a rebound.
7:46 of 1st period - Shot by Marcel Goc.
7:46 of 1st period - Shot Misses the Net.
7:47 of 1st period - Minor Penalty to Derek Morris for Hooking.
7:48 of 1st period - Ryan Kesler wins face-off versus Paul Stastny in Senators zone.
8:14 of 1st period - Andrej Meszaros is hit by Ryan Johnson and loses puck.
8:35 of 1st period - Shot by Ryan Kesler.
8:35 of 1st period - Shot Misses the Net.
9:36 of 1st period - Off-side.
9:37 of 1st period - Patrick Sharp wins face-off versus Craig Conroy in neutral zone.
9:42 of 1st period - Shot by Patrick Sharp.
9:42 of 1st period - Stopped by Carey Price without a rebound.
9:43 of 1st period - Craig Conroy wins face-off versus Tomas Plekanec in Senators zone.
10:31 of 1st period - Icing by Josh Gorges.
10:32 of 1st period - Marcel Goc wins face-off versus Jason Spezza in Lightning zone.
10:46 of 1st period - Minor Penalty to Tim Gleason for Cross-checking.
10:47 of 1st period - R.J. Umberger wins face-off versus Jason Spezza in Lightning zone.
11:21 of 1st period - Icing by Chris Clark.
11:22 of 1st period - Jason Spezza wins face-off versus Marcel Goc in Senators zone.
11:27 of 1st period - Maxime Talbot is hit by Chris Clark and loses puck.
13:18 of 1st period - Shot by Ryan Kesler.
13:18 of 1st period - Stopped by Cory Schneider without a rebound.
13:19 of 1st period - Jason Spezza wins face-off versus R.J. Umberger in Lightning zone.
13:24 of 1st period - Shot by Jason Spezza.
13:24 of 1st period - Shot Misses the Net.
13:32 of 1st period - Shot by R.J. Umberger.
13:32 of 1st period - Stopped by Carey Price without a rebound.
13:33 of 1st period - Sidney Crosby wins face-off versus Paul Stastny in Senators zone.
13:33 of 1st period - Sidney Crosby is hit by Maxime Talbot.
13:38 of 1st period - Nicklas Lidstrom is hit by Tim Gleason and loses puck.
14:34 of 1st period - Icing by Brent Seabrook.
14:35 of 1st period - Tomas Plekanec wins face-off versus Ryan Kesler in Lightning zone.
14:57 of 1st period - Shot by Patrick Kane.
14:57 of 1st period - Shot Misses the Net.
15:11 of 1st period - Shot by Ryan Kesler.
15:11 of 1st period - Shot Misses the Net.
15:27 of 1st period - Jan Hejda is hit by Barret Jackman.
15:48 of 1st period - Ryan Kesler is hit by Andrej Meszaros and loses puck.
15:52 of 1st period - Minor Penalty to Ryan Kesler for Charging.
15:53 of 1st period - Craig Conroy wins face-off versus Paul Stastny in Senators zone.
15:53 of 1st period - Craig Conroy is hit by Paul Stastny.
16:48 of 1st period - Icing by Andrej Meszaros.
16:49 of 1st period - Tomas Plekanec wins face-off versus Jason Spezza in Lightning zone.
16:56 of 1st period - Shot by Martin Havlat.
16:56 of 1st period - Stopped by Carey Price with a rebound.
17:19 of 1st period - Minor Penalty to Jan Hejda for Hooking.
17:20 of 1st period - Sidney Crosby wins face-off versus Paul Stastny in Senators zone.
17:34 of 1st period - Icing by Andy Sutton.
17:35 of 1st period - Sidney Crosby wins face-off versus Paul Stastny in Lightning zone.
19:26 of 1st period - Shot by Jan Hejda.
19:26 of 1st period - Shot Misses the Net.
19:30 of 1st period - Shot by Ryan Kesler.
19:30 of 1st period - Stopped by Cory Schneider without a rebound.
19:31 of 1st period - R.J. Umberger wins face-off versus Sidney Crosby in Lightning zone.
19:56 of 1st period - Shot by Claude Giroux.
19:56 of 1st period - Stopped by Cory Schneider without a rebound.
19:57 of 1st period - Daniel Alfredsson wins face-off versus Marcel Goc in Lightning zone.

Period #2

0:01 of 2nd period - Sidney Crosby wins face-off versus Patrick Kane in neutral zone.
0:26 of 2nd period - Minor Penalty to Chris Clark for Hooking.
0:27 of 2nd period - Ryan Kesler wins face-off versus Tomas Plekanec in Senators zone.
1:42 of 2nd period - Icing by Brent Seabrook.
1:43 of 2nd period - Ryan Kesler wins face-off versus Paul Stastny in Lightning zone.
1:54 of 2nd period - Shot by Ryan Kesler.
1:54 of 2nd period - Stopped by Cory Schneider without a rebound.
1:55 of 2nd period - Craig Conroy wins face-off versus Tomas Plekanec in Lightning zone.
2:57 of 2nd period - Shot by Scott Hartnell.
2:57 of 2nd period - Shot Blocked by John-Michael Liles.
3:01 of 2nd period - Shot by Scott Hartnell.
3:01 of 2nd period - Shot Misses the Net.
3:03 of 2nd period - Shot by Nick Spaling.
3:03 of 2nd period - Stopped by Carey Price without a rebound.
3:04 of 2nd period - Claude Giroux wins face-off versus R.J. Umberger in Senators zone.
3:33 of 2nd period - Shot by Sidney Crosby.
3:33 of 2nd period - Stopped by Cory Schneider without a rebound.
3:34 of 2nd period - Paul Stastny wins face-off versus Peter Regin in Lightning zone.
3:34 of 2nd period - Paul Stastny is hit by Ryan Kesler.
4:13 of 2nd period - Off-side.
4:14 of 2nd period - Tomas Plekanec wins face-off versus Jason Spezza in neutral zone.
4:18 of 2nd period - Patrick Kane is hit by Dion Phaneuf.
4:52 of 2nd period - Shot by Tomas Plekanec.
4:52 of 2nd period - Stopped by Carey Price with a rebound.
5:10 of 2nd period - Barret Jackman is hit by Tom Kostopoulos and loses puck.
5:41 of 2nd period - Shot by Sidney Crosby.
5:41 of 2nd period - Stopped by Cory Schneider without a rebound.
5:42 of 2nd period - Ryan Kesler wins face-off versus Paul Stastny in Lightning zone.
5:44 of 2nd period - Ales Hemsky is hit by Josh Gorges and loses puck.
5:52 of 2nd period - Minor Penalty to Josh Gorges for Tripping.
5:53 of 2nd period - Marcel Goc wins face-off versus Sidney Crosby in Lightning zone.
6:11 of 2nd period - Icing by Nicklas Lidstrom.
6:12 of 2nd period - Sidney Crosby wins face-off versus Marcel Goc in Senators zone.
7:03 of 2nd period - Icing by Dion Phaneuf.
7:04 of 2nd period - Jason Spezza wins face-off versus Marcel Goc in Senators zone.
7:13 of 2nd period - Shot by John-Michael Liles.
7:13 of 2nd period - Shot Misses the Net.
7:50 of 2nd period - Sidney Crosby is hit by Tim Gleason and loses puck.
8:23 of 2nd period - Shot by Ryan Kesler.
8:23 of 2nd period - Goal by Ryan Kesler - Senators : 1 - Lightning : 0.
8:24 of 2nd period - R.J. Umberger wins face-off versus Jason Spezza in neutral zone.
8:27 of 2nd period - Dion Phaneuf is hit by R.J. Umberger and loses puck.
8:36 of 2nd period - Shot by Jason Spezza.
8:36 of 2nd period - Stopped by Cory Schneider without a rebound.
8:37 of 2nd period - Sidney Crosby wins face-off versus Marcel Goc in Lightning zone.
8:41 of 2nd period - Minor Penalty to Andrej Meszaros for Cross-checking.
8:42 of 2nd period - Sidney Crosby wins face-off versus Nick Spaling in Lightning zone.
8:45 of 2nd period - Shot by Sidney Crosby.
8:45 of 2nd period - Shot Misses the Net.
8:49 of 2nd period - Shot by Nicklas Lidstrom.
8:49 of 2nd period - Stopped by Cory Schneider without a rebound.
8:50 of 2nd period - Sidney Crosby wins face-off versus R.J. Umberger in Lightning zone.
9:06 of 2nd period - Off-side.
9:07 of 2nd period - Jason Spezza wins face-off versus R.J. Umberger in neutral zone.
9:40 of 2nd period - Icing by Dion Phaneuf.
9:41 of 2nd period - Jason Spezza wins face-off versus R.J. Umberger in Senators zone.
9:41 of 2nd period - Jason Spezza is hit by Nick Spaling.
10:14 of 2nd period - Nicklas Lidstrom is hit by Maxime Talbot and loses puck.
10:26 of 2nd period - Shot by Sidney Crosby.
10:26 of 2nd period - Shot Misses the Net.
11:39 of 2nd period - Shot by Jason Spezza.
11:39 of 2nd period - Deflect By Daniel Alfredsson.
11:39 of 2nd period - Shot Misses the Net.
11:41 of 2nd period - Shot by Dion Phaneuf.
11:41 of 2nd period - Stopped by Cory Schneider with a rebound.
11:43 of 2nd period - Shot by John-Michael Liles.
11:43 of 2nd period - Deflect By Jason Spezza.
11:43 of 2nd period - Shot Blocked by Andrej Meszaros.
12:00 of 2nd period - Off-side.
12:01 of 2nd period - Ryan Kesler wins face-off versus Ilya Kovalchuk in neutral zone.
12:18 of 2nd period - Ales Hemsky is hit by Andy Sutton and loses puck.
12:25 of 2nd period - Shot by Ryan Kesler.
12:25 of 2nd period - Shot Misses the Net.
12:29 of 2nd period - Shot by Ales Hemsky.
12:29 of 2nd period - Shot Misses the Net.
12:43 of 2nd period - Shot by Sidney Crosby.
12:43 of 2nd period - Shot Misses the Net.
12:45 of 2nd period - Shot by Chris Clark.
12:45 of 2nd period - Stopped by Cory Schneider with a rebound.
12:49 of 2nd period - Shot by Sidney Crosby.
12:49 of 2nd period - Shot Misses the Net.
13:34 of 2nd period - Minor Penalty to Dion Phaneuf for Slashing.
13:35 of 2nd period - Scott Hartnell wins face-off versus Craig Conroy in Senators zone.
14:27 of 2nd period - Shot by Barret Jackman.
14:27 of 2nd period - Shot Misses the Net.
14:29 of 2nd period - Shot by Brent Seabrook.
14:29 of 2nd period - Stopped by Carey Price without a rebound.
14:30 of 2nd period - Paul Stastny wins face-off versus Craig Conroy in Senators zone.
15:23 of 2nd period - Shot by Martin Havlat.
15:23 of 2nd period - Stopped by Carey Price without a rebound.
15:24 of 2nd period - Tomas Plekanec wins face-off versus Sidney Crosby in Senators zone.
15:47 of 2nd period - Shot by Marcel Goc.
15:47 of 2nd period - Goal by Marcel Goc - Senators : 1 - Lightning : 1.
15:48 of 2nd period - R.J. Umberger wins face-off versus Sidney Crosby in neutral zone.
16:11 of 2nd period - Icing by R.J. Umberger.
16:12 of 2nd period - Daniel Alfredsson wins face-off versus R.J. Umberger in Lightning zone.
16:31 of 2nd period - Patrick Sharp is hit by Tom Kostopoulos and loses puck.
17:14 of 2nd period - Off-side.
17:15 of 2nd period - Tomas Plekanec wins face-off versus Ryan Kesler in neutral zone.
17:26 of 2nd period - Shot by Patrick Kane.
17:26 of 2nd period - Shot Misses the Net.
17:31 of 2nd period - Patrick Kane is hit by Matt Walker and loses puck.
17:33 of 2nd period - Minor Penalty to Jan Hejda for Diving.
17:34 of 2nd period - Craig Conroy wins face-off versus Paul Stastny in Senators zone.
17:40 of 2nd period - Icing by Barret Jackman.
17:41 of 2nd period - Craig Conroy wins face-off versus Paul Stastny in Lightning zone.
18:17 of 2nd period - Derek Morris is hit by Tomas Plekanec.
18:35 of 2nd period - Shot by Tomas Plekanec.
18:35 of 2nd period - Shot Hit the Post.
18:37 of 2nd period - Shot by Patrick Sharp.
18:37 of 2nd period - Stopped by Carey Price without a rebound.
18:38 of 2nd period - Tomas Plekanec wins face-off versus Ryan Kesler in Senators zone.
18:38 of 2nd period - Minor Penalty to Dion Phaneuf for Hooking.
18:39 of 2nd period - Ryan Johnson wins face-off versus Paul Stastny in Senators zone.
19:25 of 2nd period - Icing by Barret Jackman.
19:26 of 2nd period - Ryan Kesler wins face-off versus Paul Stastny in Lightning zone.

Period #3

0:01 of 3rd period - Paul Stastny wins face-off versus Ryan Kesler in neutral zone.
0:04 of 3rd period - Patrick Eaves is hit by Patrick Kane and loses puck.
0:35 of 3rd period - Shot by Patrick Kane.
0:35 of 3rd period - Shot Misses the Net.
0:37 of 3rd period - Shot by Brent Seabrook.
0:37 of 3rd period - Shot Blocked by Patrick Eaves.
0:39 of 3rd period - Shot by Marcel Goc.
0:39 of 3rd period - Goal by Marcel Goc - Senators : 1 - Lightning : 2.
0:40 of 3rd period - Sidney Crosby wins face-off versus Marcel Goc in neutral zone.
0:42 of 3rd period - Minor Penalty to Andrej Meszaros for Hooking.
0:43 of 3rd period - Marcel Goc wins face-off versus Sidney Crosby in Lightning zone.
0:51 of 3rd period - Icing by Sidney Crosby.
0:52 of 3rd period - Sidney Crosby wins face-off versus R.J. Umberger in Senators zone.
0:58 of 3rd period - Off-side.
0:59 of 3rd period - Jason Spezza wins face-off versus Marcel Goc in neutral zone.
1:34 of 3rd period - Shot by Dion Phaneuf.
1:34 of 3rd period - Stopped by Cory Schneider with a rebound.
1:38 of 3rd period - Shot by Ales Hemsky.
1:38 of 3rd period - Shot Misses the Net.
1:40 of 3rd period - Shot by John-Michael Liles.
1:40 of 3rd period - Stopped by Cory Schneider without a rebound.
1:41 of 3rd period - Peter Regin wins face-off versus R.J. Umberger in Lightning zone.
2:08 of 3rd period - Shot by Nicklas Lidstrom.
2:08 of 3rd period - Stopped by Cory Schneider with a rebound.
2:10 of 3rd period - Shot by Peter Regin.
2:10 of 3rd period - Stopped by Cory Schneider without a rebound.
2:11 of 3rd period - Jason Spezza wins face-off versus R.J. Umberger in Lightning zone.
2:42 of 3rd period - Shot by Jason Spezza.
2:42 of 3rd period - Stopped by Cory Schneider without a rebound.
2:43 of 3rd period - Ryan Kesler wins face-off versus Paul Stastny in Lightning zone.
2:49 of 3rd period - Off-side.
2:50 of 3rd period - Ryan Kesler wins face-off versus Tomas Plekanec in neutral zone.
2:53 of 3rd period - Shot by Sidney Crosby.
2:53 of 3rd period - Goal by Sidney Crosby - Senators : 2 - Lightning : 2.
2:54 of 3rd period - Ryan Kesler wins face-off versus Tomas Plekanec in neutral zone.
2:59 of 3rd period - Shot by Jan Hejda.
2:59 of 3rd period - Stopped by Cory Schneider without a rebound.
3:00 of 3rd period - Paul Stastny wins face-off versus Sidney Crosby in Lightning zone.
3:54 of 3rd period - Minor Penalty to R.J. Umberger for Tripping.
3:55 of 3rd period - Ales Hemsky wins face-off versus Patrick Kane in Lightning zone.
4:02 of 3rd period - Shot by Dion Phaneuf.
4:02 of 3rd period - Shot Misses the Net.
5:07 of 3rd period - Shot by Sidney Crosby.
5:07 of 3rd period - Stopped by Cory Schneider with a rebound.
5:11 of 3rd period - Shot by Derek Morris.
5:11 of 3rd period - Stopped by Cory Schneider without a rebound.
5:12 of 3rd period - Jason Spezza wins face-off versus Patrick Sharp in Lightning zone.
6:46 of 3rd period - Minor Penalty to Ilya Kovalchuk for Slashing.
6:47 of 3rd period - Marcel Goc wins face-off versus Jason Spezza in Lightning zone.
6:47 of 3rd period - Marcel Goc is hit by Chris Clark.
6:59 of 3rd period - Shot by John-Michael Liles.
6:59 of 3rd period - Shot Blocked by Maxime Talbot.
7:03 of 3rd period - Shot by Jason Spezza.
7:03 of 3rd period - Shot Misses the Net.
7:05 of 3rd period - Shot by Jason Spezza.
7:05 of 3rd period - Shot Misses the Net.
7:07 of 3rd period - Shot by Jason Spezza.
7:07 of 3rd period - Stopped by Cory Schneider without a rebound.
7:08 of 3rd period - Ales Hemsky wins face-off versus R.J. Umberger in Lightning zone.
7:17 of 3rd period - Shot by Ales Hemsky.
7:17 of 3rd period - Deflect By Sidney Crosby.
7:17 of 3rd period - Stopped by Cory Schneider without a rebound.
7:18 of 3rd period - Sidney Crosby wins face-off versus Marcel Goc in Lightning zone.
7:21 of 3rd period - Shot by Derek Morris.
7:21 of 3rd period - Shot Misses the Net.
7:23 of 3rd period - Shot by Derek Morris.
7:23 of 3rd period - Shot Misses the Net.
8:07 of 3rd period - Shot by Ales Hemsky.
8:07 of 3rd period - Stopped by Cory Schneider with a rebound.
8:09 of 3rd period - Shot by John-Michael Liles.
8:09 of 3rd period - Goal by John-Michael Liles - Senators : 3 - Lightning : 2.
8:10 of 3rd period - Ryan Kesler wins face-off versus Tomas Plekanec in neutral zone.
8:34 of 3rd period - Shot by Ales Hemsky.
8:34 of 3rd period - Shot Misses the Net.
9:12 of 3rd period - Shot by Scott Hartnell.
9:12 of 3rd period - Shot Misses the Net.
9:14 of 3rd period - Shot by Nick Spaling.
9:14 of 3rd period - Stopped by Carey Price with a rebound.
9:18 of 3rd period - Shot by Nick Spaling.
9:18 of 3rd period - Shot Misses the Net.
9:20 of 3rd period - Shot by Marcel Goc.
9:20 of 3rd period - Stopped by Carey Price without a rebound.
9:21 of 3rd period - Jason Spezza wins face-off versus R.J. Umberger in Senators zone.
9:21 of 3rd period - Minor Penalty to Martin Havlat for High sticking.
9:22 of 3rd period - R.J. Umberger wins face-off versus Jason Spezza in Lightning zone.
9:22 of 3rd period - R.J. Umberger is hit by Ryan Kesler.
10:36 of 3rd period - Shot by Sidney Crosby.
10:36 of 3rd period - Stopped by Cory Schneider without a rebound.
10:37 of 3rd period - Jason Spezza wins face-off versus R.J. Umberger in Lightning zone.
10:42 of 3rd period - Shot by Jason Spezza.
10:42 of 3rd period - Stopped by Cory Schneider without a rebound.
10:43 of 3rd period - Nick Spaling wins face-off versus Jason Spezza in Lightning zone.
10:54 of 3rd period - Andrej Meszaros is hit by Jason Spezza and loses puck.
11:39 of 3rd period - Minor Penalty to Claude Giroux for Roughing.
11:40 of 3rd period - Tomas Plekanec wins face-off versus Craig Conroy in Senators zone.
12:07 of 3rd period - Shot by Martin Havlat.
12:07 of 3rd period - Stopped by Carey Price with a rebound.
12:09 of 3rd period - Shot by Martin Havlat.
12:09 of 3rd period - Stopped by Carey Price with a rebound.
12:13 of 3rd period - Shot by Tomas Plekanec.
12:13 of 3rd period - Shot Misses the Net.
12:15 of 3rd period - Shot by Tim Gleason.
12:15 of 3rd period - Shot Misses the Net.
12:47 of 3rd period - Shot by Brent Seabrook.
12:47 of 3rd period - Shot Misses the Net.
12:49 of 3rd period - Shot by Patrick Kane.
12:49 of 3rd period - Shot Misses the Net.
12:51 of 3rd period - Shot by Ilya Kovalchuk.
12:51 of 3rd period - Stopped by Carey Price with a rebound.
12:53 of 3rd period - Shot by Barret Jackman.
12:53 of 3rd period - Stopped by Carey Price with a rebound.
12:55 of 3rd period - Shot by Patrick Kane.
12:55 of 3rd period - Shot Blocked by Patrick Eaves.
12:59 of 3rd period - Shot by Paul Stastny.
12:59 of 3rd period - Stopped by Carey Price with a rebound.
13:01 of 3rd period - Shot by Patrick Kane.
13:01 of 3rd period - Stopped by Carey Price with a rebound.
13:03 of 3rd period - Shot by Patrick Kane.
13:03 of 3rd period - Stopped by Carey Price without a rebound.
13:04 of 3rd period - Craig Conroy wins face-off versus Tomas Plekanec in Senators zone.
13:40 of 3rd period - Minor Penalty to Marcel Goc for Hooking.
13:40 of 3rd period - Minor Penalty to John-Michael Liles for Interference.
13:41 of 3rd period - Paul Stastny wins face-off versus Sidney Crosby in Senators zone.
13:48 of 3rd period - Shot by Paul Stastny.
13:48 of 3rd period - Shot Misses the Net.
13:50 of 3rd period - Shot by Brent Seabrook.
13:50 of 3rd period - Stopped by Carey Price without a rebound.
13:51 of 3rd period - Scott Hartnell wins face-off versus Sidney Crosby in Senators zone.
13:54 of 3rd period - Shot by Martin Havlat.
13:54 of 3rd period - Stopped by Carey Price without a rebound.
13:55 of 3rd period - Paul Stastny wins face-off versus Ryan Kesler in Senators zone.
13:56 of 3rd period - Shot by Patrick Kane.
13:56 of 3rd period - Stopped by Carey Price without a rebound.
13:57 of 3rd period - Sidney Crosby wins face-off versus Scott Hartnell in Senators zone.
14:54 of 3rd period - Ryan Kesler is hit by Patrick Kane and loses puck.
15:02 of 3rd period - Matt Walker is hit by Brent Seabrook and loses puck.
15:31 of 3rd period - Tim Gleason beats up Derek Morris.
15:31 of 3rd period - Penalty to Tim Gleason for Fighting.
15:31 of 3rd period - Penalty to Derek Morris for Fighting.
15:32 of 3rd period - Sidney Crosby wins face-off versus Paul Stastny in Lightning zone.
15:59 of 3rd period - Shot by Patrick Sharp.
15:59 of 3rd period - Deflect By Ilya Kovalchuk.
15:59 of 3rd period - Shot Blocked by Tom Kostopoulos.
16:02 of 3rd period - Icing by Daniel Alfredsson.
16:03 of 3rd period - Jason Spezza wins face-off versus Tomas Plekanec in Senators zone.
16:16 of 3rd period - Shot by Jason Spezza.
16:16 of 3rd period - Stopped by Cory Schneider without a rebound.
16:17 of 3rd period - Paul Stastny wins face-off versus Ryan Kesler in Lightning zone.
16:32 of 3rd period - Shot by Ryan Kesler.
16:32 of 3rd period - Stopped by Cory Schneider without a rebound.
16:33 of 3rd period - Sidney Crosby wins face-off versus Paul Stastny in Lightning zone.
17:30 of 3rd period - Icing by Ryan Kesler.
17:31 of 3rd period - Tomas Plekanec wins face-off versus Ryan Kesler in Senators zone.
17:37 of 3rd period - Patrick Kane is hit by Jan Hejda and loses puck.
17:56 of 3rd period - Shot by Ales Hemsky.
17:56 of 3rd period - Shot Misses the Net.
17:58 of 3rd period - Shot by Ryan Kesler.
17:58 of 3rd period - Stopped by Cory Schneider without a rebound.
17:59 of 3rd period - Jason Spezza wins face-off versus Paul Stastny in Lightning zone.
18:14 of 3rd period - Dion Phaneuf is hit by Maxime Talbot and loses puck.
18:25 of 3rd period - Shot by Patrick Sharp.
18:25 of 3rd period - Goal by Patrick Sharp - Senators : 3 - Lightning : 3.
18:26 of 3rd period - Sidney Crosby wins face-off versus R.J. Umberger in neutral zone.
19:33 of 3rd period - Off-side.
19:34 of 3rd period - Ryan Kesler wins face-off versus Tomas Plekanec in neutral zone.
19:44 of 3rd period - Shot by Paul Stastny.
19:44 of 3rd period - Shot Blocked by Ryan Kesler.

Overtime #1

0:01 of 1st overtime period - Patrick Kane wins face-off versus Sidney Crosby in neutral zone.
0:39 of 1st overtime period - Shot by Patrick Kane.
0:39 of 1st overtime period - Stopped by Carey Price without a rebound.
0:40 of 1st overtime period - Ryan Kesler wins face-off versus Scott Hartnell in Senators zone.
0:40 of 1st overtime period - Ryan Kesler is hit by Scott Hartnell.
0:53 of 1st overtime period - Ales Hemsky is hit by Andrej Meszaros and loses puck.
0:57 of 1st overtime period - Icing by Andrej Meszaros.
0:58 of 1st overtime period - Scott Hartnell wins face-off versus Ales Hemsky in Lightning zone.
1:11 of 1st overtime period - Andrej Meszaros is hit by Ryan Kesler and loses puck.
1:45 of 1st overtime period - Off-side.
1:46 of 1st overtime period - Paul Stastny wins face-off versus Sidney Crosby in neutral zone.
2:05 of 1st overtime period - Shot by Patrick Kane.
2:05 of 1st overtime period - Stopped by Carey Price without a rebound.
2:06 of 1st overtime period - Paul Stastny wins face-off versus Ryan Kesler in Senators zone.
2:48 of 1st overtime period - Icing by Sidney Crosby.
2:49 of 1st overtime period - Scott Hartnell wins face-off versus Sidney Crosby in Senators zone.
3:00 of 1st overtime period - Shot by Sidney Crosby.
3:00 of 1st overtime period - Stopped by Cory Schneider with a rebound.
3:02 of 1st overtime period - Shot by Dion Phaneuf.
3:02 of 1st overtime period - Shot Misses the Net.
3:04 of 1st overtime period - Shot by John-Michael Liles.
3:04 of 1st overtime period - Stopped by Cory Schneider without a rebound.
3:05 of 1st overtime period - Sidney Crosby wins face-off versus Scott Hartnell in Lightning zone.
3:10 of 1st overtime period - Shot by Sidney Crosby.
3:10 of 1st overtime period - Shot Blocked by Andrej Meszaros.
3:12 of 1st overtime period - Shot by Sidney Crosby.
3:12 of 1st overtime period - Shot Blocked by Josh Gorges.
3:16 of 1st overtime period - Shot by Claude Giroux.
3:16 of 1st overtime period - Shot Blocked by Andrej Meszaros.
3:24 of 1st overtime period - Shot by Sidney Crosby.
3:24 of 1st overtime period - Shot Misses the Net.
3:26 of 1st overtime period - Shot by Dion Phaneuf.
3:26 of 1st overtime period - Shot Blocked by Josh Gorges.
3:30 of 1st overtime period - Shot by Claude Giroux.
3:30 of 1st overtime period - Stopped by Cory Schneider without a rebound.
3:31 of 1st overtime period - Ryan Kesler wins face-off versus Paul Stastny in Lightning zone.
3:37 of 1st overtime period - Icing by Tim Gleason.
3:38 of 1st overtime period - Ryan Kesler wins face-off versus Paul Stastny in Lightning zone.
3:52 of 1st overtime period - Shot by Patrick Kane.
3:52 of 1st overtime period - Stopped by Carey Price without a rebound.
3:53 of 1st overtime period - Sidney Crosby wins face-off versus Scott Hartnell in Senators zone.
4:42 of 1st overtime period - Shot by Ryan Kesler.
4:42 of 1st overtime period - Stopped by Cory Schneider without a rebound.
4:43 of 1st overtime period - Ales Hemsky wins face-off versus Paul Stastny in Lightning zone.

ShootOut

ShootOut - Penalty Shot by Sidney Crosby for Senators.
ShootOut - Shot Misses the Net.
ShootOut - Penalty Shot by Patrick Sharp for Lightning.
ShootOut - Stopped by Carey Price.
ShootOut - Penalty Shot by Ryan Kesler for Senators.
ShootOut - Goal by Ryan Kesler.
ShootOut - Penalty Shot by Patrick Kane for Lightning.
ShootOut - Stopped by Carey Price.
ShootOut - Penalty Shot by Jason Spezza for Senators.
ShootOut - Stopped by Cory Schneider.
ShootOut - Penalty Shot by Ilya Kovalchuk for Lightning.
ShootOut - Shot Misses the Net.


Output by the SimonT Hockey Simulator (STHS) for Stephane Roy -- Original Page W3C XHTML 1.0 Valid